 Dungeon Crawl Stone Soup version 0.29.0-4-gdea44cf6ec (webtiles) character file.

Game seed: 8661703728400530556

1666 qw the Blocker (level 8, 0/67 HPs)
             Began as a Minotaur Fighter on Sept 6, 2022.
             Was an Initiate of Ru.
             Killed from afar by Maggie (14 damage)
             ... with a bolt of fire
             ... on level 7 of the Dungeon.
             The game lasted 00:02:13 (5964 turns).

qw the Blocker (Minotaur Fighter)                   Turns: 5964, Time: 00:02:13

Health: 0/67       AC: 16    Str: 23    XL:     8   Next: 69%
Magic:  7/7        EV:  4    Int:  5    God:    Ru [......]
Gold:   375        SH: 15    Dex: 10    Spells: 7/7 levels left

rFire   . . .      SeeInvis .   Y - +3 war axe
rCold   . . .      Faith    .   b - +0 tower shield
rNeg    + . .      Spirit   .   w - +0 plate armour
rPois   .          Reflect  .   (helmet restricted)
rElec   .          Harm     .   i - +0 cloak
rCorr   .          Rampage  .   j - +0 pair of gloves
Will    .....                   (no boots)
Stlth   ..........              s - amulet of regeneration
HPRegen 1.01/turn               p - ring of positive energy
MPRegen 0.10/turn               (no ring)

@: no status effects
A: horns 2, retaliatory headbutt, iridescent scales 1
a: Renounce Religion


You were on level 7 of the Dungeon.
You worshipped Ru.
Ru was noncommittal.
You visited 2 branches of the dungeon, and saw 8 of its levels.

You collected 400 gold pieces.
You spent 25 gold pieces at shops.


Innate Abilities, Weirdness & Mutations

You have a pair of horns on your head.
You reflexively headbutt those who attack you in melee.
You are partially covered in iridescent scales. (AC +2)


   Skills:
 - Level 4.7 Fighting
 - Level 9.0 Axes
 - Level 1.3 Throwing
 - Level 4.6 Armour
 - Level 1.6 Dodging
 + Level 9.4 Shields


You had 7 spell levels left.
You didn't know any spells.
Your spell library was empty.

Inventory:

Hand Weapons
 c - a +0 morningstar
 Y - a +3 war axe (weapon)
Missiles
 k - 6 boomerangs
 r - a javelin (quivered)
Armour
 b - a +0 tower shield (worn)
 i - a +0 cloak (worn)
 j - a +0 pair of gloves (worn)
 o - the +6 scale mail of Life {-Tele Str+5}
   (You found it on level 2 of the Dungeon)

   Str:       It affects your strength (+5).
   -Tele:     It prevents most forms of teleportation.
 w - a +0 plate armour (worn)
Jewellery
 p - a ring of positive energy (left hand)
 s - an amulet of regeneration (around neck)
Scrolls
 l - a scroll of identify
Potions
 d - a potion of might
 e - a potion of degeneration {unknown}
 f - a potion of lignification {unknown}
 g - 2 potions of haste
 h - a potion of resistance {unknown}
 m - a potion of curing
 n - a potion of heal wounds {unknown}
 t - a potion of brilliance {unknown}
 u - a potion of berserk rage {unknown}
 x - a potion of mutation

Dungeon Overview and Level Annotations

Branches:
Dungeon (7/15)             Temple (1/1) D:6

Altars:
Ashenzari
Cheibriados
Dithmenos
Elyvilon
Fedhas
Gozag
Hepliaklqana
Kikubaaqudgha
Makhleb
Nemelex Xobeh
Okawaru
Qazlal
Ru
Sif Muna
Trog
Uskayaw
Wu Jian
Xom
Yredelemnul
Zin
The Shining One

Shops:
D:1 *

Annotations:
D:6 3 runed translucent doors, qw's ghost, novice MiFi
D:7 Maggie


Message History

The centaur is moderately wounded.
You hit the phantom. You hit Maggie.
The centaur hits you but does no damage.
The centaur kicks you but does no damage.
Maggie hits you with a +0 scimitar. You block the phantom's attack.
You block the centaur's attack.
The centaur kicks you but does no damage.
You slash the phantom!
The phantom is heavily damaged.
You hit Maggie but do no damage. You hit the centaur. The centaur hits you.
You block the centaur's attack.
The phantom hits you but does no damage.
Maggie hits you with a +0 scimitar!
The centaur hits you but does no damage.
The centaur kicks you but does no damage.
You miss the phantom. Your headbutt misses the phantom.
The phantom is heavily damaged.
You hit Maggie. You hit the centaur.
The centaur hits you but does no damage.
You block the centaur's attack.
The phantom hits you but does no damage.
You block Maggie's attack. The centaur completely misses you.
You furiously retaliate!
You headbutt the centaur, but do no damage.
The centaur kicks you but does no damage.
You block the phantom's attack. Maggie closely misses you.
You slash the phantom!
The phantom is almost destroyed.
You hit Maggie. You closely miss the centaur.
The centaur hits you but does no damage.
The centaur kicks you but does no damage.
The phantom hits you.
The phantom blinks!
You blink.
You closely miss the phantom.
The phantom is almost destroyed.
The phantom barely misses you. You furiously retaliate!
You headbutt the phantom!
You destroy the phantom!
Maggie gestures at you while chanting. The bolt of fire hits you!
You die...

#.# #.# #.# #+ ..# #.
#.# #.# #.#. #.# #.#.
#.# #@#.##.####
#.#.......#
#.#.......#
#####.#.......####.#.
#............<.......
.....#..:...........
##.##.@#.......####.#.
.......ยค.......# #
##.##..##......#


You could see Maggie.

Vanquished Creatures
  A water moccasin (D:6)
  A black bear (D:5)
  2 ogres
  A centaur (D:5)
  4 phantoms
  3 scorpions
  2 necrophages
  A howler monkey (D:4)
  2 jellies
  6 orc priests
  2 hounds (D:6)
  3 iguanas
  Terence (D:3)
  2 orc wizards
  4 gnolls (D:5)
  9 adders
  A white imp (D:6)
  3 worms
  A dart slug (D:2)
  5 orcs
  6 bats
  4 endoplasms
  4 giant cockroaches
  7 goblins
  5 hobgoblins
  4 jackals
  3 quokkas
  6 ball pythons
  9 kobolds
  7 rats
109 creatures vanquished.

Notes
Turn   | Place    | Note
-------+----------+-------------------------------------------
     0 | D:1      | qw the Minotaur Fighter began the quest for the Orb.
     0 | D:1      | Reached XP level 1. HP: 19/19 MP: 0/0
     0 | D:1      | 0 ||| qw: Version: 0.1-a-107-g9ff403c
     0 | D:1      | 0 ||| qw: Game counter: 6179
     0 | D:1      | 0 ||| qw: Always use a shield: true
     0 | D:1      | 0 ||| qw: God list: Ru
     0 | D:1      | 0 ||| qw: Allow faded altars: false
     0 | D:1      | 0 ||| qw: Do Orc after D:15 true
     0 | D:1      | 0 ||| qw: Do second Lair branch before Depths: true
     0 | D:1      | 0 ||| qw: Lair rune preference: random
     0 | D:1      | 0 ||| qw: Plans: Normal
     0 | D:1      | 0 ||| PLANNING D:1-11
    83 | D:1      | Reached skill level 3 in Axes
   171 | D:1      | Reached XP level 2. HP: 26/26 MP: 1/1
   426 | D:1      | Found a faded altar of an unknown god.
   554 | D:1      | Found Uprow's Assorted Antiques.
   563 | D:1      | 563 ||| BUYING sapphire potion (25 gold).
   563 | D:1      | Bought a sapphire potion for 25 gold pieces
   724 | D:1      | 724 ||| UPGRADING to +0 cloak.
   936 | D:2      | 936 ||| READING scroll labelled ETISYE PAISCH.
   937 | D:2      | 937 ||| READING scroll labelled KOEHORCH OLEOZU.
   938 | D:2      | 938 ||| Stepping randomly (stuck).
   939 | D:2      | 939 ||| Stepping randomly (stuck).
   940 | D:2      | 940 ||| Stepping randomly (stuck).
   995 | D:2      | Reached XP level 3. HP: 31/31 MP: 2/2
  1101 | D:2      | Identified the +6 scale mail of Life {-Tele Str+5}
  1230 | D:2      | 1230 ||| Stepping ~*~*~tactically~*~*~ (stealth).
  1387 | D:2      | 1387 ||| READING scroll labelled ZEUNEO XOIM.
  1400 | D:3      | Noticed Terence
  1401 | D:3      | 1401 ||| Stepping ~*~*~tactically~*~*~ (hiding).
  1403 | D:3      | 1403 ||| Stepping ~*~*~tactically~*~*~ (hiding).
  1409 | D:3      | Killed Terence
  1410 | D:3      | Reached skill level 1 in Dodging
  1410 | D:3      | Reached XP level 4. HP: 39/39 MP: 3/3
  1505 | D:3      | 1505 ||| DROPPING +0 whip.
  1912 | D:3      | Found an opulent altar of Gozag.
  1944 | D:3      | Found an iron altar of Okawaru.
  2400 | D:3      | 2400 ||| UPGRADING to +0 chain mail.
  2410 | D:3      | 2410 ||| DROPPING +0 scale mail.
  2411 | D:3      | 2411 ||| DRINKING 2 pink potions.
  2412 | D:3      | 2412 ||| READING 2 scrolls of identify.
  2412 | D:3      | 2412 ||| IDENTIFYING metallic inky potion
  2413 | D:3      | 2413 ||| DROPPING potion of magic.
  2456 | D:4      | 2456 ||| Stepping ~*~*~tactically~*~*~ (stealth).
  2457 | D:4      | 2457 ||| Stepping ~*~*~tactically~*~*~ (stealth).
  2459 | D:4      | 2459 ||| Stepping ~*~*~tactically~*~*~ (stealth).
  2721 | D:4      | 2721 ||| Stepping ~*~*~tactically~*~*~ (hiding).
  2732 | D:4      | Reached skill level 1 in Throwing
  2732 | D:4      | Reached XP level 5. HP: 30/45 MP: 4/4
  2734 | D:4      | Reached skill level 6 in Axes
  2734 | D:4      | HP: 11/45 [orc/+0 hand axe (2)]
  2974 | D:4      | 2974 ||| Stepping ~*~*~tactically~*~*~ (stealth).
  2976 | D:4      | 2976 ||| Stepping ~*~*~tactically~*~*~ (hiding).
  2978 | D:4      | 2978 ||| Stepping ~*~*~tactically~*~*~ (hiding).
  2984 | D:4      | 2984 ||| Stepping ~*~*~tactically~*~*~ (stealth).
  2996 | D:4      | 2996 ||| FLEEEEING.
  2997 | D:4      | 2997 ||| FLEEEEING.
  3093 | D:4      | 3093 ||| Stepping ~*~*~tactically~*~*~ (hiding).
  3095 | D:4      | 3095 ||| Stepping ~*~*~tactically~*~*~ (hiding).
  3096 | D:4      | 3096 ||| Stepping ~*~*~tactically~*~*~ (hiding).
  3311 | D:4      | Reached XP level 6. HP: 51/51 MP: 5/5
  3614 | D:4      | 3614 ||| UPGRADING to +0 tower shield.
  3624 | D:4      | 3624 ||| DROPPING +0 buckler.
  3625 | D:4      | 3625 ||| UPGRADING to +0 plate armour.
  3635 | D:4      | 3635 ||| DROPPING +0 chain mail.
  3636 | D:4      | 3636 ||| UPGRADING to amulet of regeneration.
  3641 | D:4      | 3641 ||| DROPPING ring of wizardry.
  3642 | D:4      | 3642 ||| READING scroll labelled JYROYCH VIMU.
  3643 | D:4      | 3643 ||| READING scroll labelled IMEDYVAISU.
  3644 | D:4      | 3644 ||| READING 4 scrolls labelled ESUSCH VEPT.
  3645 | D:4      | 3645 ||| READING 2 scrolls of identify.
  3645 | D:4      | 3645 ||| IDENTIFYING glowing ruby potion
  3646 | D:4      | 3646 ||| DROPPING potion of attraction.
  3647 | D:4      | 3647 ||| DROPPING 3 scrolls of fear.
  3656 | D:5      | Entered Level 5 of the Dungeon
  3659 | D:5      | 3659 ||| Stepping ~*~*~tactically~*~*~ (stealth).
  3735 | D:5      | 3735 ||| Stepping ~*~*~tactically~*~*~ (hiding).
  3737 | D:5      | 3737 ||| Stepping ~*~*~tactically~*~*~ (hiding).
  3749 | D:5      | Reached XP level 7. HP: 56/60 MP: 6/6
  3754 | D:5      | 3754 ||| DROPPING +0 flail.
  3755 | D:5      | 3755 ||| READING scroll of enchant weapon.
  3755 | D:5      | 3755 ||| ENCHANTING +1 war axe.
  3894 | D:5      | Reached skill level 6 in Shields
  4079 | D:5      | 4079 ||| Stepping ~*~*~tactically~*~*~ (stealth).
  4083 | D:5      | 4083 ||| Stepping ~*~*~tactically~*~*~ (stealth).
  4412 | D:5      | 4412 ||| Stepping ~*~*~tactically~*~*~ (hiding).
  4651 | D:5      | 4651 ||| UPGRADING to +0 pair of gloves.
  4656 | D:5      | 4656 ||| DROPPING ring of magical power.
  4657 | D:5      | 4657 ||| DROPPING ring of flight.
  4658 | D:5      | 4658 ||| DRINKING 2 emerald potions.
  4658 | D:5      | Gained mutation: You are partially covered in iridescent
                  | scales. (AC +2) [potion of mutation]
  4689 | D:6      | 4689 ||| Stepping ~*~*~tactically~*~*~ (hiding).
  4691 | D:6      | 4691 ||| Stepping ~*~*~tactically~*~*~ (hiding).
  4706 | D:6      | 4706 ||| Stepping ~*~*~tactically~*~*~ (stealth).
  4715 | D:6      | Reached XP level 8. HP: 67/67 MP: 7/7
  4718 | D:6      | 4718 ||| READING scroll of enchant weapon.
  4718 | D:6      | 4718 ||| ENCHANTING +2 war axe.
  4802 | D:6      | Found a runed translucent gate.
  4813 | D:6      | Found a staircase to the Ecumenical Temple.
  4814 | D:6      | 4814 ||| PLANNING TEMPLE
  4822 | Temple   | Entered the Ecumenical Temple
  4936 | Temple   | 4936 ||| PLANNING D:1-11
  5011 | D:6      | Identified the +0 leather armour of Conscience {+Blink
                  | Dex+6 Stlth+}
  5074 | D:6      | Found a runed translucent gate.
  5075 | D:6      | Found a runed translucent gate.
  5076 | D:6      | Noticed qw's ghost (novice MiFi)
  5224 | D:6      | Identified the +4 dagger of Liloadomm {speed, rElec Will-
                  | Dex+3}
  5237 | D:6      | Found a white marble altar of Elyvilon.
  5237 | D:6      | Found a faded altar of an unknown god.
  5245 | D:6      | Found a sacrificial altar of Ru.
  5247 | D:6      | Found a basalt altar of Yredelemnul.
  5249 | D:6      | Found a blossoming altar of Fedhas.
  5253 | D:6      | Became a worshipper of Ru the Awakened
  5313 | D:6      | 5313 ||| Stepping ~*~*~tactically~*~*~ (stealth).
  5358 | D:6      | Reached skill level 9 in Shields
  5448 | D:6      | 5448 ||| Stepping ~*~*~tactically~*~*~ (stealth).
  5450 | D:6      | 5450 ||| Stepping ~*~*~tactically~*~*~ (stealth).
  5465 | D:6      | 5465 ||| Stepping ~*~*~tactically~*~*~ (stealth).
  5472 | D:6      | 5472 ||| Stepping ~*~*~tactically~*~*~ (stealth).
  5533 | D:6      | Reached skill level 9 in Axes
  5933 | D:6      | 5933 ||| UPGRADING to ring of positive energy.
  5934 | D:6      | 5934 ||| READING scroll labelled SIXTAO OBBESU.
  5935 | D:6      | 5935 ||| READING scroll labelled AKETTI QILUPP.
  5936 | D:6      | 5936 ||| DRINKING 2 golden potions.
  5950 | D:7      | 5950 ||| Stepping ~*~*~tactically~*~*~ (hiding).
  5953 | D:7      | Noticed Maggie
  5961 | D:7      | HP: 11/67 [Maggie/+0 scimitar (10)]
  5964 | D:7      | Killed from afar by Maggie

Levels and vault maps discovered:
D:1:      elethiomel_arrival_diamonds, layout_loops_cross, serial_shops, shop,
          dilly_ecumenical_altar_fadedgnrine
D:2:      layout_rooms, serial_aquarium, aquarium_bridge_long_separate
          [aquarium_subvault_wall, aquarium_subvault_balcony,
          aquarium_subvault_bridge, aquarium_subvault_bridge,
          aquarium_subvault_bridge, aquarium_subvault_wall],
          aquarium_bridge_island_small [aquarium_subvault_small_open,
          aquarium_subvault_window, aquarium_subvault_bridge,
          aquarium_subvault_wall, aquarium_subvault_balcony],
          aquarium_window_corner, aquarium_window_1, aquarium_window_fake,
          aquarium_window_corridor_3, aquarium_view_2c, aquarium_view_2d,
          aquarium_balcony_5a, aquarium_pool_1
D:3:      layout_basic, mainiacjoe_overflow_two_lobes,
          nicolae_concentric_dashed_squares_wild, uniq_terence
D:4:      layout_basic, chequers_serial_rivers_room_a
D:5:      layout_loops_corners, grunt_decor_mini_mirrors, minmay_quadrilaterals
D:6:      layout_basic, chequers_temple_overflow_minitemple,
          minmay_temple_entry_drinking_statues, ebering_ghost_rock_garden,
          minmay_fractal_squares_diagonal_5
D:7:      layout_basic, vehumet_statue, uniq_maggie, uniq_pikel
Temple:   nicolae_temple_superstar

Skill      XL: |  1  2  3  4  5  6  7  8 |
---------------+-------------------------+-----
Axes           | 3 4 5 7 9 |  9.0
Dodging        | 1 |  1.6
Throwing       | 1 |  1.3
Fighting       | 4 |  4.7
Shields        | 5 8 9 |  9.4
Armour         | 4 |  4.6

Action                   |  1- 3 |  4- 6 |  7- 9 || total
-------------------------+-------+-------+-------++-------
Melee: War axe           |    69 |    75 |   113 ||   257
       Headbutt          |     7 |     9 |    23 ||    39
Throw: Boomerang         |    16 |    38 |     4 ||    58
       Javelin           |       |    17 |    11 ||    28
  Use: Scroll            |     3 |     5 |     4 ||    12
       Potion            |       |     1 |     2 ||     3
Armor: Scale mail        |    33 |     5 |       ||    38
       Chain mail        |       |    15 |       ||    15
       Plate armour      |       |     5 |    93 ||    98
Dodge: Dodged            |    25 |    14 |     9 ||    48
Block: Buckler           |    20 |    10 |       ||    30
       Tower shield      |       |     8 |    85 ||    93

Table legend:
 A = Non-vault XP
 B = Vault XP
 C = Vault XP percentage of total XP
 D = Non-vault monster count
 E = Vault monster count
 F = Vault count percentage of total count
                 A         B        C        D         E       F
            +---------+---------+-------+---------+---------+-------
      Total |    1673 |     812 |  32.7 |      91 |      18 |  16.5
            +---------+---------+-------+---------+---------+-------
        D:1 |      13 |       9 |  40.9 |       9 |       7 |  43.8
        D:2 |      59 |       0 |   0.0 |      18 |       0 |   0.0
        D:3 |      22 |      36 |  62.1 |      12 |       1 |   7.7
        D:4 |     397 |       0 |   0.0 |      21 |       0 |   0.0
        D:5 |     535 |     221 |  29.2 |      18 |       4 |  18.2
        D:6 |     542 |     546 |  50.2 |      12 |       6 |  33.3
        D:7 |     105 |       0 |   0.0 |       1 |       0 |   0.0
            +---------+---------+-------+---------+---------+-------
